 Dungeon Crawl Stone Soup version 0.18-a0-1171-ga8e22e7 (webtiles) character file.

288 namelastname112 the Chopper (level 6, 0/53 HPs)
             Began as a Draconian Chaos Knight on Jan 26, 2016.
             Slain by an ogre
             ... wielding a +0 giant club
              (16 damage)
             ... on level 4 of the Dungeon.
             The game lasted 00:04:44 (2289 turns).

namelastname112 the Chopper (DrCK)                  Turns: 2289, Time: 00:04:44

Health: 0/53       AC:  8    Str: 14    XL:     6   Next: 9%
Magic:  6/6        EV: 13    Int: 15    God:    Xom [...*..]
Gold:   134        SH:  0    Dex: 12    Spells: 0 memorised, 5 levels left

rFire  . . .     SeeInvis .     a - +0 hand axe (chaos)
rCold  . . .     Gourm    .     (armour unavailable)
rNeg   . . .     Faith    .     (no shield)
rPois  .         Spirit   .     m - +0 hat
rElec  .         Dismiss  .     (no cloak)
rCorr  .         Reflect  .     (no gloves)
SustAt .         Harm     .     s - +1 pair of boots
MR     +....     Clarity  +     z - amulet of regeneration
Stlth  +.........               (no ring)
                                k - ring of protection from magic

@: flying, drained, somewhat resistant to hostile enchantments, very unstealthy
A: unfitting armour, big wings, clarity, clever 1, regeneration 1, cold-blooded,
AC +6
a: Stop Flying, Renounce Religion


You were on level 4 of the Dungeon.
You worshipped Xom.
You were a favourite toy of Xom.
You were not hungry.

You visited 1 branch of the dungeon, and saw 4 of its levels.

You collected 134 gold pieces.

Inventory:

Hand Weapons
 a - a +0 hand axe of chaos (weapon)
 x - a cursed +0 blowgun
Missiles
 i - 4 curare-tipped needles
 y - 5 poisoned needles
Armour
 m - a +0 hat (worn)
 s - a +1 pair of boots (worn)
Jewellery
 k - a ring of protection from magic (left hand)
 z - an amulet of regeneration (around neck)
Scrolls
 d - a scroll of enchant weapon {unknown}
 e - 2 scrolls of identify {unknown}
 f - 2 scrolls of blinking {unknown}
 h - a scroll of random uselessness {unknown}
 j - 2 scrolls of immolation {unknown}
 o - 2 scrolls of noise {unknown}
 p - a scroll of remove curse {unknown}
 q - a scroll of fog {unknown}
 r - a scroll of enchant armour {unknown}
 v - a scroll of recharging {unknown}
 w - 2 scrolls of teleportation
Potions
 c - a potion of brilliance {unknown}
 l - a potion of haste {unknown}
 n - 2 potions of heal wounds {unknown}
 u - a potion of curing {unknown}
 C - a potion of berserk rage {unknown}
Comestibles
 b - 6 bread rations
 g - 2 beef jerkies
 t - 2 fruits
 B - a slice of pizza


   Skills:
 + Level 4.6(4.4) Fighting
 * Level 5.1(4.8) Axes
 + Level 3.7(3.4) Dodging


You had 5 spell levels left.
You didn't know any spells.

Dungeon Overview and Level Annotations

Branches:
Dungeon (4/15)
 Temple: D:4-7

Altars:
Ashenzari
Dithmenos
Elyvilon
Qazlal
Zin


Innate Abilities, Weirdness & Mutations

Your plain brown scales are hard (AC +6).
Your body does not fit into most forms of armour.
You are cold-blooded and may be slowed by cold attacks.
Your large and strong wings let you fly indefinitely.
You possess an exceptional clarity of mind.
Your mind is acute. (Int +2)
Your natural rate of healing is unusually fast.


Message History

The orc hits the ogre with a short sword.
Your whip hits the orc. You hit the orc but do no damage.
The orc flickers and vanishes!
Deactivating autopickup; reactivate with Ctrl-A.
Xom thinks this is hilarious!
Your tail-slap misses something.
Your whip hits the orc!!
The orc dies!
Your whip hits the orc!
The orc dies!
You hit the ogre.
The ogre goes berserk!
The ogre is severely wounded.
You barely miss something. The ogre closely misses you.
You hit the ogre.
You heal the ogre.
The ogre is severely wounded. x2
You hit something but do no damage.
Your whip barely misses the orc wizard.
The ogre hits you with a giant club!!!
Ouch! That really hurt!
Your whip hits the orc wizard! The ogre hits you with a giant club!
You die... "This toy is broken."

.#.# .#.# #### ...# ####..#
#.(... ...### ##.....#
....... .....#####.....##
##....... ......)........#
#........
..####........#####........
.## ######....{.##[?......
.# #####.@Oo(....... ##
####oJ....... # #.......[.
#$......o. ##........
#.o...... ##..o.... .......
#...?..


You could see an ogre (berserk), an orc wizard, an ooze, an orc and a friendly
whip.

Vanquished Creatures
  A hound (D:4)
  An orc priest (D:3)
  An iguana (D:4)
  2 worker ants (D:4)
  A gnoll (D:1)
  6 adders
  2 oozes
  An adder skeleton (D:4)
  2 giant geckos
  6 orcs
  A ball python (D:1)
  3 giant cockroaches
  7 goblins
  6 hobgoblins
  4 jackals (D:2)
  3 quokkas
  8 bats
  4 giant newts
  4 kobolds
  12 rats
75 creatures vanquished.

Vanquished Creatures (collateral kills)
  5 orcs (D:4)
  A quokka skeleton (D:4)
6 creatures vanquished.

Grand Total: 81 creatures vanquished

Notes
Turn   | Place    | Note
--------------------------------------------------------------
     0 | D:1      | namelastname112 the Draconian Chaos Knight began the quest for the Orb.
     0 | D:1      | Reached XP level 1. HP: 19/19 MP: 1/1
   149 | D:1      | Reached XP level 2. HP: 26/26 MP: 2/2
   150 | D:1      | XOM: divination: magic mapping
   166 | D:1      | XOM: harmless Conj miscast
   398 | D:1      | XOM: divination: detect creatures
   431 | D:1      | Reached XP level 3. HP: 24/33 MP: 3/3
   668 | D:2      | Reached skill level 4 in Fighting
   712 | D:2      | Found a stormy altar of Qazlal.
   781 | D:2      | Found a shadowy altar of Dithmenos.
   855 | D:2      | Found a shattered altar of Ashenzari.
   868 | D:2      | XOM: smoke on damage
   929 | D:2      | You fall through a shaft!
   945 | D:3      | Reached XP level 4. HP: 37/40 MP: 4/4
   971 | D:3      | Found a faded altar to an unknown god.
  1081 | D:3      | XOM: give mutations
  1081 | D:3      | Gained mutation: Your natural rate of healing is unusually fast. [Xom's grace]
  1081 | D:3      | Gained mutation: You possess an exceptional clarity of mind. [Xom's grace]
  1081 | D:3      | Gained mutation: Your large and strong wings let you fly indefinitely. [Xom's grace]
  1128 | D:3      | XOM: god gift: scroll labeled ZONIZX BAICH
  1210 | D:3      | XOM: harmless Chrm miscast
  1318 | D:3      | Found a glowing silver altar of Zin.
  1381 | D:2      | XOM: give mutations
  1381 | D:2      | Gained mutation: You are agile. (Dex +2) [Xom's mischief]
  1381 | D:2      | Lost mutation: You are agile. (Dex +2) [Xom's mischief]
  1381 | D:2      | Gained mutation: Your mind is acute. (Int +2) [Xom's mischief]
  1449 | D:3      | XOM: 1-stop teleportation journey
  1456 | D:3      | Found a white marble altar of Elyvilon.
  1714 | D:3      | Reached XP level 5. HP: 45/47 MP: 5/5
  1749 | D:3      | XOM: mild Fire miscast
  1858 | D:3      | XOM: colour smoke trail
  2007 | D:4      | Reached skill level 5 in Axes
  2007 | D:4      | Reached XP level 6. HP: 43/53 MP: 6/6
  2041 | D:4      | XOM: polymorph orc wizard -> hell rat
  2055 | D:4      | XOM: summons friendly quasit
  2264 | D:4      | XOM: summons 3 friendly demons
  2289 | D:4      | Slain by an ogre

Vault maps used:
D:1:      dpeg_arrival_triangle_fractal
D:2:      ashenzari_conservatory_becter, grunt_qazlal_clouds,
          grunt_dithmenos_smoke, minmay_misc_feat_cross
D:3:      lemuel_coloured_pillars_altar, old_standard_altar, first_bread,
          ecumenical_altar_1

Action                   |  1- 3 |  4- 6 || total
-------------------------+-------+-------++-------
Melee: Hand axe          |   109 |   142 ||   251
 Abil: Fly               |       |     1 ||     1
  Use: Scroll            |       |     1 ||     1
 Stab: Petrifying        |       |     1 ||     1
       Paralysed         |       |     7 ||     7
  Eat: Chunk             |       |     3 ||     3
       Pizza             |       |     1 ||     1
